 Dungeon Crawl Stone Soup version 0.32-a0-384-gdd28848 (webtiles) character file.

Game seed: 5554911112386664132

630 Dorkslayer the Chopper (level 7, -7/59 HPs)
             Began as a Mountain Dwarf Fighter on Feb 19, 2024.
             Splashed by a jelly's acid (9 damage)
             ... on level 5 of the Dungeon.
             The game lasted 00:09:13 (4204 turns).

Dorkslayer the Chopper (Mountain Dwarf Fighter)     Turns: 4204, Time: 00:09:13

Health: -7/59      AC: -5    Str: 18    XL:     7   Next: 24%
Magic:  7/7        EV:  8    Int:  9    God:
Gold:   188        SH:  4    Dex: 11    Spells: 6/6 levels left

rFire   . . .        a - +0 war axe
rCold   . . .        c - +0 buckler
rNeg    . . .        g - +0 chain mail
rPois   .            (no helmet)
rElec   .            (no cloak)
rCorr   .            f - +0 pair of gloves
SInv    .            (no boots)
Will    +....        (no amulet) Stlth
                     (no ring)
HPRegen 0.29/turn    (no ring)
MPRegen 0.10/turn

%: no passive effects
@: corroded, enlightened, flying
A: runic magic, artefact enchanting
a: no special abilities


You were on level 5 of the Dungeon.
You visited 2 branches of the dungeon, and saw 6 of its levels.

You collected 188 gold pieces.

Inventory:

Hand Weapons
 a - a +0 war axe (weapon)
Missiles
 k - 12 boomerangs (quivered)
Armour
 c - a +0 buckler (worn)
 f - a +0 pair of gloves (worn)
 g - a +0 chain mail (worn)
Jewellery
 n - a ring of willpower
Scrolls
 d - a scroll of enchant weapon
 i - a scroll of enchant armour
 j - a scroll of immolation
 l - a scroll of fear
 m - a scroll of teleportation
Potions
 b - a potion of magic


   Skills:
 + Level 4.1 Fighting
 + Level 6.6 Axes
 + Level 4.7 Armour
 * Level 2.3 Dodging
 + Level 0.1 Stealth
 + Level 4.3 Shields


You had 6 spell levels left.
You didn't know any spells.
Your spell library contained the following spells:

 Spells                   Type           Power      Damage    Failure   Level
 Apportation              Tloc           0%         N/A       65%         1
 Necrotise                Necr           0%         1d4       65%         1
 Sting                    Conj/Alch      0%         1d3       65%         1
 Summon Small Mammal      Summ           0%         N/A       65%         1
 Inner Flame              Hex/Fire       0%         N/A       95%         3
 Flame Wave               Conj/Fire      0%         2d4       100%        4
 Sticky Flame             Fire/Alch      0%         2d4       100%        4


Dungeon Overview and Level Annotations

Branches:
Dungeon (5/15)             Temple (1/1) D:4

Altars:
Dithmenos
Fedhas
Hepliaklqana
Nemelex Xobeh
Sif Muna
Vehumet
Zin
The Shining One

Shops:
D:2 [*([*


Innate Abilities, Weirdness & Mutations

Your spellcasting is much less encumbered by armour.
You can use scrolls of enchantment on lesser artefacts.


Message History

The iguana is almost dead.
The iguana closely misses you.
You barely miss the iguana.
The iguana is almost dead.
The iguana barely misses you.
You closely miss the iguana.
The iguana is almost dead.
The iguana closely misses you.
You slash the iguana!
You kill the iguana!
You see here an iguana corpse.
A jelly comes into view.
The jelly quivers.
Found 28 gold pieces.
You hit the jelly. The acid corrodes you!
Your hands burn!
The jelly is lightly wounded.
You block the jelly's attack. The jelly hits you. The acid corrodes you!
You are splashed with acid!
You slash the jelly! The acid corrodes you!
Your hands burn!
The jelly is severely wounded.
You block the jelly's attack.
You hit the jelly but do no damage.
Your hands burn!
The jelly is severely wounded.
The jelly hits you. The acid corrodes you!
You are splashed with acid!
You hit the jelly but do no damage.
Your hands burn!
The jelly is heavily wounded.
The jelly hits you. The acid corrodes you!
You are splashed with acid!
You hit the jelly but do no damage. The acid corrodes you!
Your hands burn!
* * * LOW HITPOINT WARNING * * *
The jelly is heavily wounded.
The jelly hits you.
* * * LOW HITPOINT WARNING * * *
You are splashed with acid!
* * * LOW HITPOINT WARNING * * *
It was a potion of enlightenment.
You feel very buoyant.
You fly up into the air.
The jelly hits you.
* * * LOW HITPOINT WARNING * * *
You are splashed with acid!
You die...

......#.
........^...........
...................
..................######
........................
........................
.......................$
..[.....................
................@.......
.........#.....#J.......
#.......##...#.#........
....######...###........
.....## ##....##.......
.#....# ##..## ......#
......# #### #.....#
...##.# #...## †....##


You could see a jelly.

Vanquished Creatures
  A sky beast (D:4)
  An ice beast (D:5)
  A scorpion (D:5)
  A hound (D:4)
  An iguana (D:5)
  2 orc wizards
  7 gnolls
  7 adders
  2 dart slugs
  A ribbon worm (D:2)
  9 orcs
  8 endoplasms
  4 goblins
  5 hobgoblins
  7 jackals
  3 quokkas
  7 ball pythons
  5 bats (D:1)
  5 frilled lizards
  5 kobolds
  7 rats
89 creatures vanquished.

Notes
Turn   | Place    | Note
-------+----------+-------------------------------------------
     0 | D:1      | Dorkslayer the Mountain Dwarf Fighter began the quest for
                  | the Orb.
     0 | D:1      | Reached XP level 1. HP: 19/19 MP: 1/1
    43 | D:1      | Reached XP level 2. HP: 20/26 MP: 2/2
   227 | D:1      | Reached XP level 3. HP: 30/31 MP: 3/3
   423 | D:1      | Reached skill level 3 in Axes
  1068 | D:2      | Noticed a +0 executioner's axe
  1068 | D:2      | Found Vosuux's Armour Shop.
  1068 | D:2      | Found Very Feveutt's Weapon Shoppe.
  1069 | D:2      | Noticed a +0 executioner's axe
  1135 | D:2      | Reached XP level 4. HP: 40/40 MP: 4/4
  1150 | D:2      | Found Enio's Assorted Antiques.
  1170 | D:2      | Found Xisiptao's Antique Armour Boutique.
  1185 | D:2      | Reached skill level 1 in Dodging
  1345 | D:2      | Found Ysef's Assorted Antiques.
  2010 | D:3      | Reached skill level 4 in Axes
  2057 | D:3      | Found a hazy altar of Hepliaklqana.
  2261 | D:3      | Reached XP level 5. HP: 8/46 MP: 5/5
  2551 | D:3      | Found a sparkling altar of Nemelex Xobeh.
  3069 | D:4      | Found a staircase to the Ecumenical Temple.
  3078 | Temple   | Entered the Ecumenical Temple
  3225 | D:4      | Reached skill level 5 in Axes
  3547 | D:4      | Reached XP level 6. HP: 32/52 MP: 6/6
  3700 | D:4      | Noticed a sky beast
  3709 | D:4      | Killed a sky beast
  3752 | D:5      | Entered Level 5 of the Dungeon
  3864 | D:5      | Noticed an ice beast
  3869 | D:5      | Killed an ice beast
  3870 | D:5      | Reached skill level 6 in Axes
  3870 | D:5      | Reached XP level 7. HP: 40/59 MP: 7/7
  4204 | D:5      | HP: 2/59 [jelly (3)]
  4204 | D:5      | Splashed by a jelly's acid

Illustrated notes

Levels and vault maps discovered:
D:1:      saegor_arrival_fortress, layout_basic, hangedman_glass_teeth,
          grunt_decor_fettered, hangedman_decor_clover_reticule, hex_medium
D:2:      layout_basic, serial_shops, shop, nicolae_shop_mannequins, shop, shop,
          nicolae_shop_behind_doors, roderic_lattice_a, hangedman_decor_growths,
          corexii_hall_statues_s
D:3:      layout_loops_cross, nicolae_hepliaklqana_hazy_memory,
          nemelex_spade_bored_becter, serial_glass, glass_columns_b,
          glass_columns_b
D:4:      layout_basic, minmay_temple_entry_steel_oval
D:5:      layout_cave_pools, minitemple, kennysheep_generic_room_13
Temple:   nicolae_temple_bog_church

Skill      XL: |  1  2  3  4  5  6 |
---------------+-------------------+-----
Axes           | 3 4 5 6 |  6.6
Dodging        | 1 2 |  2.3
Armour         | 4 |  4.7
Shields        | 4 |  4.3
Fighting       | 4 |  4.1
Stealth        | |  0.1

Action                     |  1- 3 |  4- 6 |  7- 9 || total
---------------------------+-------+-------+-------++-------
  Melee: War axe           |   106 |   138 |    35 ||   279
  Throw: Boomerang         |       |     1 |       ||     1
    Use: Scroll            |       |    13 |       ||    13
         Potion            |       |     5 |     1 ||     6
 Armour: Scale mail        |    21 |       |       ||    21
         Chain mail        |    73 |   117 |    49 ||   239
  Dodge: Dodged            |    56 |    55 |    15 ||   126
  Block: Buckler           |    26 |    44 |     6 ||    76

Table legend: (Time is in decaauts)
 A = Elapsed time spent in this place.
 B = Non-inter-level travel time spent in this place.
 C = Inter-level travel time spent in this place.
 D = Time resting spent in this place.
 E = Time spent auto-exploring this place.
 F = Levels seen in this place.
 G = Mean time per level.
                   A        B        C        D        E       F      G
               +--------+--------+--------+--------+--------+-----+--------+
         Total |   4301 |   4301 |      0 |     26 |   2392 |   6 |  716.8 |
       Dungeon |   4223 |   4223 |      0 |     26 |   2392 |   5 |  844.6 |
        Temple |     77 |     77 |      0 |      0 |      0 |   1 |   77.0 |
               +--------+--------+--------+--------+--------+-----+--------+

Top non-repeatable levels by time:
     D:1: 1103 daAuts
     D:3: 977 daAuts
     D:2: 857 daAuts
     D:4: 821 daAuts
     D:5: 463 daAuts
  Temple: 77 daAuts
